 Dungeon Crawl Stone Soup version 0.21-a0-531-gacddea6 (webtiles) character file.

1638 Amnesiac the Jinx (level 8, -9/43 HPs)
             Began as a Deep Elf Arcane Marksman on Dec 12, 2017.
             Was an Initiate of Okawaru.
             Killed by divine providence
             ... invoked by an orc priest
              (12 damage)
             ... on level 7 of the Dungeon.
             The game lasted 00:16:10 (7819 turns).

Amnesiac the Jinx (Deep Elf Arcane Marksman)        Turns: 7819, Time: 00:16:11

Health: -9/43      AC: 10    Str:  9    XL:     8   Next: 66%
Magic:  6/17       EV: 21    Int: 19    God:    Okawaru [......]
Gold:   341        SH:  0    Dex: 15    Spells: 7/17 levels left

rFire    . . .     SeeInvis .   l - +1 hand axe (elec)
rCold    . . .     Gourm    .   (no shield)
rNeg     . . .     Faith    .   r - +0 robe
rPois    .         Spirit   .   k - +0 helmet
rElec    .         Reflect  .   (no cloak)
rCorr    .         Harm     .   v - +0 pair of gloves
MR       .....                  w - +1 pair of boots
Stlth    ..........             (no amulet)
HPRegen  0.14/turn              K - ring of loudness (curse)
MPRegen  0.15/turn              x - +6 ring of evasion

@: very slightly contaminated
A: talons 1, icy blue scales 1, thin metallic scales 1, frail 1
a: Renounce Religion


You were on level 7 of the Dungeon.
You worshipped Okawaru.
Okawaru was noncommittal.
You were not hungry.

You visited 2 branches of the dungeon, and saw 9 of its levels.

You collected 341 gold pieces.

Inventory:

Hand Weapons
 a - a +0 hunting sling of flaming
 l - a +1 hand axe of electrocution (weapon)
 u - a +0 shortbow
Missiles
 d - 147 arrows
 g - 14 poisoned needles
 o - 49 sling bullets
 p - 308 stones (quivered)
 A - 2 throwing nets
Armour
 k - a +0 helmet (worn)
 r - a +0 robe (worn)
 v - a +0 pair of gloves (worn)
 w - a +1 pair of boots (worn)
Jewellery
 m - an uncursed ring of see invisible
 x - a +6 ring of evasion (right hand)
 y - an uncursed ring of protection from cold
 G - a +2 ring of strength
 K - a cursed ring of loudness (left hand)
 M - a +3 ring of strength
Wands
 I - a wand of polymorph (16)
Scrolls
 b - a scroll of identify {!r}
 h - 5 scrolls of teleportation {!r}
 i - 3 scrolls of fog {!r}
 s - a scroll of blinking {!r}
 H - a scroll of enchant armour {!r}
Potions
 e - a potion of mutation {!q}
 n - a potion of flight {!q}
 z - a potion of brilliance {!q}
 C - a potion of degeneration {!q, unknown}
 D - 4 potions of magic {!q}
 E - a potion of agility {!q}
 N - a potion of cancellation {!q, unknown}
Books
 c - a book of Debilitation

   Spells                             Type                      Level
   a - Corona                         Hexes                        1
   b - Slow                           Hexes                        2
   c - Inner Flame                    Hexes/Fire                   3
   d - Portal Projectile              Hexes/Translocation          3
   e - Cause Fear                     Hexes                        4
   f - Leda's Liquefaction            Hexes/Earth                  4
Comestibles
 f - 7 bread rations
 j - 4 meat rations
 J - a fruit


   Skills:
 + Level 3.7 Fighting
 * Level 7.2 Bows
 + Level 5.7 Dodging
 - Level 5.0 Spellcasting
 - Level 8.0 Hexes


You had 7 spell levels left.
You knew the following spells:

 Your Spells              Type           Power        Failure   Level  Hunger
a - Corona                Hex            #####..      1%          1    None
b - Cause Fear            Hex            #####.....   4%          4    ####...
c - Portal Projectile     Hex/Tloc       ###...       7%          3    ##.....
e - Slow                  Hex            #####...     1%          2    #......


Dungeon Overview and Level Annotations

Branches:
Dungeon (8/15)             Temple (1/1) D:5
   Lair: D:8-11

Altars:
Cheibriados
Dithmenos
Fedhas
Hepliaklqana
Makhleb
Nemelex Xobeh
Okawaru
Qazlal
Sif Muna
Trog
Uskayaw
Wu Jian
Yredelemnul
Zin
The Shining One

Shops:
D:8 ?(


Innate Abilities, Weirdness & Mutations

You have sharp toenails.
You are partially covered in icy blue scales. (AC +2)
You are partially covered in thin metallic scales. (AC +2)
You are frail. (-10% HP)


Message History

The quokka bites you but does no damage.
Casting: Corona
Confirm with . or Enter, or press ? or * to list all spells.
Aiming: Slow
Press: ? - help, Shift-Dir - straight line, f - quokka
Aim: a quokka (chance to defeat MR: 85%)
The quokka seems to slow down.
The quokka closely misses you.
Casting: Slow
Confirm with . or Enter, or press ? or * to list all spells.
Aiming: Corona
Press: ? - help, Shift-Dir - straight line, f/p - quokka
Aim: a quokka (slow, chance to defeat MR: 85%)
The quokka is outlined in light.
The quokka closely misses you.
You hit the quokka.
The quokka is heavily wounded.
The quokka bites you.
You hit the quokka.
You kill the quokka!
Okawaru accepts your kill.
You now have 341 gold pieces (gained 5).
Items here: ( )) † a dagger; 3 tomahawks; a club; an orc corpse You butcher the orc corpse.
q - a chunk of flesh
Things that are here:
a dagger; 3 tomahawks; a club Eating a chunk of flesh.
You eat the chunk of flesh.
This raw flesh tastes terrible.
An orc priest comes into view. It is wielding a club.
The orc priest shouts!
An orc priest comes into view.
There are monsters nearby!
The orc priest shouts!
The orc priest casts a cantrip, but nothing happens.
An orc wizard comes into view. It is wielding a dagger.
Things that are here:
a dagger; 3 tomahawks; a club
There is a stone staircase leading down here.
The orc priest mumbles some strange prayers to Beogh against you.
Beogh smites you!
You start resting.
The orc priest mumbles some strange prayers to Beogh against you.
Beogh smites you!
The orc priest invokes the aid of Beogh against you.
Beogh smites you!
* * * LOW HITPOINT WARNING * * *
The orc priest invokes the aid of Beogh against you.
Beogh smites you!
* * * LOW HITPOINT WARNING * * *
There is a stone staircase leading up, spattered with blood here.
Casting: Corona
Confirm with . or Enter, or press ? or * to list all spells.
The orc priest looks frightened!
The orc priest resists with almost no effort.
Casting: Cause Fear
Confirm with . or Enter, or press ? or * to list all spells.
You miscast Cause Fear.
You are very lightly contaminated with residual magic.
Your hands glow momentarily.
The orc priest casts a cantrip, but nothing happens.
Unknown command.
The orc priest invokes the aid of Beogh against you.
Beogh smites you!
You die...

.. #.# ###.##
....####
###.....#
.....#.#
####.#.#.##
#?#........o#
#....@o...#.#
#####.#####.#.#
.. # ..#.#
...##.#########.#
...o....o)..>..(#
.o.##.###########
#


You could see 2 orc priests.

Vanquished Creatures
  The ghost of KeeTraxx the Gusty, a novice DgAE (D:5)
  A sky beast (D:5)
  2 centaurs
  A bullfrog (D:6)
  A scorpion (D:7)
  5 wights (D:6)
  2 bullfrog zombies
  2 crimson imps
  2 hounds
  2 orc priests
  4 orc wizards
  A bullfrog skeleton (D:4)
  An iguana (D:6)
  5 worker ants
  A hound skeleton (D:5)
  Robin (D:4)
  5 gnolls
  10 adders
  2 adder zombies
  2 dart slugs
  3 leopard geckos
  13 orcs
  2 ball pythons
  2 bats
  2 giant cockroaches
  13 goblins
  6 hobgoblins
  10 jackals
  A quokka (D:7)
  4 frilled lizards
  A jackal skeleton (D:4)
  11 kobolds
  A leopard gecko zombie (D:7)
  A quokka skeleton (D:6)
  2 rats
123 creatures vanquished.

Notes
Turn   | Place    | Note
-------+----------+-------------------------------------------
     0 | D:1      | Amnesiac the Deep Elf Arcane Marksman began the quest for the Orb.
     0 | D:1      | Reached XP level 1. HP: 11/11 MP: 5/5
     9 | D:1      | Reached skill level 1 in Fighting
     9 | D:1      | Reached XP level 2. HP: 16/16 MP: 4/6
   614 | D:1      | Reached XP level 3. HP: 14/20 MP: 6/8
   860 | D:2      | HP: 1/20 [kobold/dagger (4)]
  1494 | D:2      | Found a shadowy altar of Dithmenos.
  2070 | D:2      | Reached skill level 5 in Hexes
  2070 | D:2      | Reached XP level 4. HP: 18/25 MP: 6/9
  3391 | D:4      | Noticed Robin
  3400 | D:4      | Killed Robin
  3634 | D:4      | Reached XP level 5. HP: 11/29 MP: 7/11
  3640 | D:4      | Learned a level 2 spell: Slow
  3905 | D:3      | Learned a level 4 spell: Cause Fear
  4157 | D:4      | Reached skill level 6 in Hexes
  4157 | D:4      | Reached XP level 6. HP: 35/35 MP: 6/12
  4162 | D:4      | Learned a level 3 spell: Portal Projectile
  4476 | D:4      | Found a burning altar of Makhleb.
  5100 | D:5      | Entered Level 5 of the Dungeon
  5171 | D:5      | Noticed a sky beast
  5189 | D:5      | Killed a sky beast
  5295 | D:5      | Noticed KeeTraxx's ghost (novice DgAE)
  5467 | D:5      | Reached XP level 7. HP: 34/40 MP: 11/14
  5647 | D:5      | Reached skill level 5 in Bows
  5901 | D:6      | Reached skill level 7 in Hexes
  5997 | D:6      | Found a blossoming altar of Fedhas.
  6448 | D:6      | You fall through a shaft for 2 floors!
  6450 | D:8      | Found Ostru's Magic Scroll Emporium.
  6500 | D:8      | Noticed a hungry ghost
  6506 | D:8      | Found Vuapuc's Weapon Boutique.
  6514 | D:7      | Found a deep blue altar of Sif Muna.
  6556 | D:7      | Reached XP level 8. HP: 30/45 MP: 11/17
  6900 | D:5      | Reached skill level 5 in Spellcasting
  6900 | D:5      | Reached skill level 8 in Hexes
  6931 | D:5      | Found a staircase to the Ecumenical Temple.
  6988 | Temple   | Entered the Ecumenical Temple
  7055 | Temple   | Became a worshipper of Warmaster Okawaru
  7363 | D:4      | Gained mutation: You have sharp toenails. [potion of mutation]
  7363 | D:4      | Gained mutation: You are frail. (-10% HP) [potion of mutation]
  7363 | D:4      | Gained mutation: You are partially covered in icy blue scales. (AC +2) [potion of mutation]
  7363 | D:4      | Gained mutation: You are partially covered in thin metallic scales. (AC +2) [potion of mutation]
  7547 | D:5      | Killed KeeTraxx's ghost
  7547 | D:5      | Reached skill level 5 in Dodging
  7816 | D:7      | HP: 2/43 [orc priest/divine providence (13)]
  7819 | D:7      | Killed from afar by an orc priest

Vault maps used:
D:1:      dpeg_arrival_tiny_e
D:2:      minmay_door_path, grunt_dithmenos_smoke_and_mirrors,
          minmay_pentomino_z2
D:3:      kennysheep_generic_room_14
D:4:      lemuel_crystal_altar, kennysheep_generic_room_13, uniq_robin
D:5:      minmay_temple_entry_glass, first_bread
D:6:      fedhas_altar_1, hangedman_decor_slide_cut,
          hangedman_decor_diamond_cutter
D:7:      lemuel_crystal_altar, nicolae_gozag_seed_capital, grunt_livestock,
          uniq_prince_ribbit1
D:8:      lair_entry_dummy, serial_shops, shop, shop_scrolls
Temple:   eino_temple_rhombus

Skill      XL: |  1  2  3  4  5  6  7  8 |
---------------+-------------------------+-----
Fighting       | 1 2 3 |  3.7
Spellcasting   | 2 3 4 5 |  5.0
Bows           | 3 4 5 7 |  7.2
Hexes          | 5 6 7 8 |  8.0
Dodging        | 3 4 5 |  5.7

Action                   |  1- 3 |  4- 6 |  7- 9 || total
-------------------------+-------+-------+-------++-------
Melee: Halberd           |    68 |       |       ||    68
       Hand axe          |       |       |   125 ||   125
 Fire: Shortbow          |     6 |       |       ||     6
       Hunting sling     |    13 |   210 |    32 ||   255
Throw: Stone             |     4 |       |     5 ||     9
 Cast: Corona            |    48 |    52 |    42 ||   142
       Slow              |       |    23 |    42 ||    65
       Cause Fear        |       |     2 |     4 ||     6
  Use: Scroll            |       |     8 |     4 ||    12
       Potion            |       |       |     7 ||     7
 Stab: Sleeping          |     2 |       |       ||     2
  Eat: Chunk             |     4 |    11 |     6 ||    21
       Royal jelly       |       |       |     2 ||     2
Armor: Robe              |     5 |    28 |    16 ||    49
       Skin              |       |       |    15 ||    15
Dodge: Dodged            |    79 |    86 |   183 ||   348

Table legend:
 A = Spawn XP
 B = Non-spawn XP
 C = Spawn XP percentage of total XP
 D = Spawn monster count
 E = Non-spawn monster count
 F = Spawn count percentage of total count
 G = Total turns spent on level
                    A         B        C        D         E        F      G
               +---------+---------+-------+---------+---------+-------+---------
         Total |       0 |    2341 |   0.0 |       0 |     123 |   0.0 |  7819
               +---------+---------+-------+---------+---------+-------+---------
           D:1 |       0 |      43 |   0.0 |       0 |      16 |   0.0 |  1150
           D:2 |       0 |      73 |   0.0 |       0 |      23 |   0.0 |  1299
           D:3 |       0 |      70 |   0.0 |       0 |      10 |   0.0 |  1527
           D:4 |       0 |     371 |   0.0 |       0 |      32 |   0.0 |  1478
           D:5 |       0 |     870 |   0.0 |       0 |      18 |   0.0 |   995
           D:6 |       0 |     468 |   0.0 |       0 |      10 |   0.0 |   953
           D:7 |       0 |     285 |   0.0 |       0 |      10 |   0.0 |   267
           D:8 |       0 |     161 |   0.0 |       0 |       4 |   0.0 |    66
               +---------+---------+-------+---------+---------+-------+---------
